 Dungeon Crawl Stone Soup version 0.27.1-35-g4d5d836560 (webtiles) character file.

Game seed: 4091631532790891406

128 Delamore the Sneak (level 5, -1/34 HPs)
             Began as an Octopode Brigand on Apr 29, 2022.
             Slain by Ijyb (3 damage)
             ... on level 3 of the Dungeon.
             The game lasted 00:03:01 (3091 turns).

Delamore the Sneak (Octopode Brigand)               Turns: 3091, Time: 00:03:02

Health: -1/34      AC:  1    Str: 10    XL:     5   Next: 11%
Magic:  14/14      EV: 12    Int: 13    God:
Gold:   85         SH:  0    Dex: 15    Spells: 4/4 levels left

rFire    . . .     SeeInvis .   g - +2 dagger (drain)
rCold    . . .     Faith    .   (no shield)
rNeg     . . .     Spirit   .   (helmet restricted)
rPois    .         Reflect  .   (no amulet)
rElec    .         Harm     .   p - ring of magical power
rCorr    .         Rampage  .   (no ring)
Will     .....                  (no ring)
Stlth    ++++......             (no ring)
HPRegen  0.11/turn              (no ring)
MPRegen  0.14/turn              (no ring)
                                (no ring)
                                (no ring)

@: no status effects
A: almost no armour, amphibious, 8 rings, camouflage 1, gelatinous body 1,
(nimble swimmer 1), tentacles
a: no special abilities


You were on level 3 of the Dungeon.
You visited 1 branch of the dungeon, and saw 3 of its levels.

You collected 85 gold pieces.

Inventory:

Hand Weapons
 a - a +2 dagger
 g - a +2 dagger of draining (weapon)
 j - a +2 short sword of speed
Missiles
 c - 17 poisoned darts (quivered)
 k - 7 boomerangs
Jewellery
 p - a ring of magical power (left tentacle)
Scrolls
 b - 2 scrolls of enchant armour {unknown}
 d - a scroll of amnesia {unknown}
 f - a scroll of teleportation
 i - a scroll of fog {unknown}
 l - a scroll of identify {unknown}
 n - a scroll of noise
 o - a scroll of torment {unknown}
Potions
 e - a potion of flight {unknown}
 h - a potion of berserk rage {unknown}
 m - a potion of brilliance {unknown}
 q - a potion of magic {unknown}


   Skills:
 - Level 2.0 Fighting
 * Level 4.3 Short Blades
 - Level 2.0 Throwing
 - Level 1.0 Dodging
 + Level 6.6 Stealth


You had 4 spell levels left.
You didn't know any spells.
Your spell library contained the following spells:

 Spells                   Type           Power      Damage    Failure   Level
 Gell's Gravitas          Tloc           0%         N/A       67%         3
 Lesser Beckoning         Tloc           0%         N/A       67%         3
 Teleport Other           Tloc           0%         N/A       67%         3


Dungeon Overview and Level Annotations

Branches:
Dungeon (3/15)

Altars:
Nemelex Xobeh

Annotations:
D:3 Ijyb


Innate Abilities, Weirdness & Mutations

You cannot wear most types of armour.
You are amphibious.
You can wear up to eight rings at the same time.
Your skin changes colour to match your surroundings (Stealth+).
Your rubbery body absorbs attacks. (AC +1, EV +1)
((You are camouflaged near water. (Stealth+)))
You have tentacles for arms and can constrict up to eight enemies at once.


Message History

The puff of flame hits you!
You are too injured to fight recklessly!
You aren't carrying any items that you can evoke.
Unknown command.
You completely miss Ijyb.
Ijyb is lightly wounded.
You constrict Ijyb, but do no damage. Ijyb barely misses you.
You hit Ijyb but do no damage.
Ijyb is lightly wounded.
You constrict Ijyb, but do no damage. You hit Ijyb.
Ijyb is moderately wounded.
You constrict Ijyb. Ijyb hits you with a +0 club.
You hit Ijyb but do no damage.
Ijyb is moderately wounded.
You constrict Ijyb.
Ijyb zaps a wand.
The puff of flame misses you.
You hit Ijyb but do no damage. You squeeze Ijyb, but do no damage.
Ijyb is moderately wounded.
You constrict Ijyb. Ijyb hits you with a +0 club.
* * * LOW HITPOINT WARNING * * *
You hit Ijyb. You drain Ijyb.
Ijyb is heavily wounded.
You constrict Ijyb, but do no damage. You hit Ijyb but do no damage.
You drain Ijyb.
Ijyb is heavily wounded.
You constrict Ijyb, but do no damage. Ijyb hits you with a +0 club.
* * * LOW HITPOINT WARNING * * *
You hit Ijyb but do no damage.
Ijyb is heavily wounded.
You constrict Ijyb. Ijyb hits you with a +0 club.
* * * LOW HITPOINT WARNING * * *
Okay, then.
You hit Ijyb but do no damage. You drain Ijyb.
You squeeze Ijyb, but do no damage.
Ijyb is almost dead.
You constrict Ijyb, but do no damage. Ijyb closely misses you.
You hit Ijyb but do no damage. You drain Ijyb.
Ijyb is almost dead.
You constrict Ijyb. Ijyb hits you with a +0 club.
You die...

########### ####.........#
#............# #.####.####..#
#######.##.....##..##
#.......#.......#... ######
#..g@...#.......#.# .
#.)†<####(.........._.....##.
#.##>...+(......#.......#....
#)####.......#.......#..#.
#...##.......##.....##....
########.#.##.......####.####....
........)#.########..............
########.#.###########.##....####
#........... ...'........


You could see Ijyb (drained).

Vanquished Creatures
  An orc wizard (D:3)
  Robin (D:3)
  5 adders
  2 orcs (D:3)
  2 bats
  4 endoplasms
  2 giant cockroaches (D:1)
  11 goblins
  6 hobgoblins
  4 ball pythons
  A frilled lizard (D:3)
  2 kobolds (D:1)
  3 rats
44 creatures vanquished.

Notes
Turn   | Place    | Note
-------+----------+-------------------------------------------
     0 | D:1      | Delamore the Octopode Brigand began the quest for the Orb.
     0 | D:1      | Reached XP level 1. HP: 14/14 MP: 1/1
   205 | D:1      | Reached XP level 2. HP: 19/19 MP: 2/2
  1389 | D:2      | Reached XP level 3. HP: 24/24 MP: 3/3
  1834 | D:2      | Reached skill level 6 in Stealth
  2226 | D:3      | Noticed Robin
  2232 | D:3      | Reached XP level 4. HP: 15/29 MP: 4/4
  2733 | D:3      | Killed Robin
  2950 | D:3      | Reached XP level 5. HP: 30/34 MP: 5/5
  3058 | D:3      | Found a sparkling altar of Nemelex Xobeh.
  3072 | D:3      | Noticed Ijyb
  3091 | D:3      | Slain by Ijyb

Illustrated notes

Levels and vault maps discovered:
D:1:      dpeg_arrival_oval, layout_basic
D:2:      layout_basic
D:3:      layout_basic, mainiacjoe_overflow_catch_the_wave, old_standard_altar,
          okawaru_metal_pillars_3, uniq_ijyb, uniq_robin

Skill      XL: |  1  2  3  4 |
---------------+-------------+-----
Short Blades   | 3 4 |  4.3
Stealth        | 6 |  6.6
Fighting       | |  2.0
Throwing       | |  2.0
Dodging        | |  1.0

Action                   |  1- 3 |  4- 6 || total
-------------------------+-------+-------++-------
Melee: Dagger            |    48 |    43 ||    91
       Constrict         |    11 |     6 ||    17
       Tentacles         |     6 |     6 ||    12
Throw: Dart              |       |    12 ||    12
       Boomerang         |       |     2 ||     2
  Use: Scroll            |     3 |     1 ||     4
 Stab: Sleeping          |    13 |       ||    13
Armor: Skin              |     2 |     3 ||     5
Dodge: Dodged            |    25 |    22 ||    47
